 Dungeon Crawl Stone Soup version 0.31-a0-95-g6fa058ef04 (webtiles) character file.

Game seed: 5784263263846889619

769 Drazool the Skirmisher (level 8, -13/60 HPs)
             Began as a Formicid Hunter on May 25, 2023.
             Was an Initiate of Hepliaklqana.
             Mangled by Menkaure (19 damage)
             ... on level 5 of the Dungeon.
             The game lasted 00:10:55 (3339 turns).

Drazool the Skirmisher (Formicid Hunter)            Turns: 3339, Time: 00:10:55

Health: -13/60     AC:  7    Str: 15    XL:     8   Next: 9%
Magic:  8/8        EV: 11    Int: 10    God:    Hepliaklqana [......]
Gold:   185        SH:  0    Dex: 19    Spells: 7/7 levels left

rFire   . . .        a - +1 shortbow (freeze)
rCold   . . .        (no shield)
rNeg    . . .        t - +0 ring mail
rPois   .            (helmet unavailable)
rElec   .            i - +0 cloak
rCorr   .            (no gloves)
SInv    +            k - +0 pair of boots
Will    .....        (no amulet)
Stlth   +            (no ring)
HPRegen 0.30/turn    (no ring)
MPRegen 0.11/turn

%: no passive effects
@: no status effects
A: permanent stasis, dig shafts and tunnels, antennae 3, four strong arms
a: Dig, Shaft Self, Renounce Religion


You were on level 5 of the Dungeon.
You worshipped Hepliaklqana.
Hepliaklqana was noncommittal.
You visited 2 branches of the dungeon, and saw 6 of its levels.

You collected 185 gold pieces.


Innate Abilities, Weirdness & Mutations

You cannot be hasted, slowed, berserked, paralysed or teleported.
You can dig through walls and to a lower floor.
You have a pair of large antennae on your head. (SInv)
Your four strong arms can wield two-handed weapons with a shield.


   Skills:
 - Level 4.2 Fighting
 * Level 8.8 Ranged Weapons
 - Level 1.7 Dodging
 - Level 1.2 Stealth


You had 7 spell levels left.
You didn't know any spells.
Your spell library contained the following spells:

 Spells                   Type           Power      Damage    Failure   Level
 Sandblast                Erth           0%         2d4       58%         1
 Passwall                 Tmut/Erth      0%         N/A       75%         2
 Frozen Ramparts          Ice            0%         1d1       92%         3
 Stone Arrow              Conj/Erth      0%         3d7       92%         3
 Ice Form                 Ice/Tmut       0%         N/A       100%        4
 Passage of Golubria      Tloc           0%         N/A       100%        4
 Summon Ice Beast         Ice/Summ       0%         N/A       100%        4
 Silence                  Hex/Air        0%         N/A       100%        5
 Lehudib's Crystal Spear  Conj/Erth      0%         10d2      100%        8

Inventory:

Hand Weapons
 a - a +1 shortbow of freezing (weapon)
 b - a +0 heavy flail
 m - a +1 whip of freezing
Armour
 c - a +0 leather armour
 i - a +0 cloak (worn)
 k - a +0 pair of boots (worn)
 t - a +0 ring mail (worn)
 z - +0 ice dragon scales
Magical Staves
 h - a staff of conjuration {!a}
Scrolls
 g - a scroll of blinking
 j - 4 scrolls of immolation
 l - a scroll of butterflies
 x - a scroll of magic mapping {unknown}
 y - a scroll of brand weapon
Potions
 d - 5 potions of heal wounds {unknown}
 e - 3 potions of curing {@q1}
 f - a potion of attraction {unknown}
 n - a potion of degeneration {unknown}
 o - 2 potions of mutation {unknown}
 p - a potion of invisibility {unknown}
 q - 2 potions of cancellation {unknown}
 r - a potion of resistance {unknown}
 s - 2 potions of lignification {unknown}
 u - a potion of might {unknown}
 v - a potion of haste {unknown}
 w - a potion of brilliance {unknown}

Dungeon Overview and Level Annotations

Branches:
Dungeon (5/15)             Temple (1/1) D:4

Altars:
Ashenzari
Cheibriados
Fedhas
Gozag
Hepliaklqana
Kikubaaqudgha
Okawaru
Ru
Trog
Wu Jian
Xom

Shops:
D:3 (

Annotations:
D:3 2 transporters
D:4 2 runed translucent doors, PerfectTommy's ghost, amateur MiBr
D:5 Ijyb; Menkaure

###### ##.....########
##.......##....#
#.........#.>..#
#.........#....#
#..............### .
#.......g.....[#@## .?
#..............##M# ...
..........#>....{### ....
....<..........#...######......
........................#......
.<.......(.##...#..............
...........##...#.......#......
.#.........##...#..{.{..#......
.#................cg.g.........


You could see Menkaure (fast).


Message History

Fire: a) +1 shortbow (freeze)
Press: ? - help, Q - select action, (/) - cycle Shift-Dir - straight line, f/p - Menkaure
Aim: Menkaure (lightly damaged, fast, 80% to hit)
You shoot an arrow.
The arrow hits Menkaure but does no damage.
Menkaure is lightly damaged.
Menkaure misses you. Menkaure hits you!
* * * LOW HITPOINT WARNING * * *
You feel better. Menkaure hits you.
* * * LOW HITPOINT WARNING * * *
Fire: a) +1 shortbow (freeze)
Press: ? - help, Q - select action, (/) - cycle Shift-Dir - straight line, f/p - Menkaure
Aim: Menkaure (lightly damaged, fast, 80% to hit)
You shoot an arrow. The arrow hits Menkaure.
Menkaure is lightly damaged.
Menkaure hits you!
* * * LOW HITPOINT WARNING * * *
You feel better.
Menkaure calls on the powers of darkness!
Your body is wracked with pain!
* * * LOW HITPOINT WARNING * * *
Unknown command.
Use which ability? (? or * to list) Are you sure you want to shaft yourself?
Menkaure barely misses you.
Menkaure calls on the powers of darkness!
Your body is wracked with pain!
* * * LOW HITPOINT WARNING * * *
Menkaure hits you!!
You die...

Skill      XL: |  1  2  3  4  5  6  7 |
---------------+----------------------+-----
Ranged Weapons | 5 6 7 8 |  8.8
Fighting       | 3 4 |  4.2
Dodging        | |  1.7
Stealth        | |  1.2

Action                     |  1- 3 |  4- 6 |  7- 9 || total
---------------------------+-------+-------+-------++-------
  Melee: Flail             |     8 |     2 |     1 ||    11
         Punch             |     1 |       |       ||     1
   Fire: Shortbow          |    92 |   143 |    55 ||   290
Ability: Dig               |     2 |       |     1 ||     3
         Shaft Self        |       |       |     1 ||     1
    Use: Scroll            |     3 |     4 |       ||     7
         Potion            |       |       |     3 ||     3
 Armour: Leather armour    |    10 |       |       ||    10
         Ring mail         |       |    12 |    13 ||    25
  Dodge: Dodged            |    29 |    12 |    24 ||    65

Levels and vault maps discovered:
D:1:      eino_arrival_water_cross, layout_loops_corners, serial_forest,
          infiniplex_forest_lined_corner, infiniplex_forest_lined_2,
          infiniplex_forest_join, infiniplex_forest_lined_2,
          infiniplex_forest_clump_medium, hangedman_decor_diamond_cutter
D:2:      layout_basic, minmay_tiny_reverse_x
D:3:      layout_loops_ring, gammafunk_temple_overflow_arena, fedhas_altar_3,
          nicolae_overflow_ecumenical_swirl, serial_shops, shop,
          hangedman_feature_mirror
D:4:      layout_loops_ring, regret_index_temple_of_mockery, temple_pool_b,
          ebering_ghost_sewer_f
D:5:      layout_rooms, minitemple, uniq_menkaure, uniq_ijyb
Temple:   hellmonk_temple_two_chambers

Notes
Turn   | Place    | Note
-------+----------+-------------------------------------------
     0 | D:1      | Drazool the Formicid Hunter began the quest for the Orb.
     0 | D:1      | Reached XP level 1. HP: 16/16 MP: 1/1
   176 | D:1      | Reached XP level 2. HP: 22/22 MP: 2/2
   350 | D:1      | Reached XP level 3. HP: 28/28 MP: 3/3
  1124 | D:2      | Reached skill level 5 in Ranged Weapons
  1124 | D:2      | Reached XP level 4. HP: 33/34 MP: 4/4
  1324 | D:2      | Reached skill level 3 in Fighting
  1532 | D:3      | Found an iron altar of Okawaru.
  1537 | D:3      | Found a transporter.
  1537 | D:3      | Noticed a scorpion
  1546 | D:3      | Found a transporter.
  1763 | D:3      | Found Qozoanyx's Antique Weapon Shoppe.
  1777 | D:3      | Reached XP level 5. HP: 41/41 MP: 5/5
  1822 | D:3      | Found a blossoming altar of Fedhas.
  2048 | D:3      | Found a faded altar of an unknown god.
  2052 | D:3      | Found a bloodstained altar of Trog.
  2105 | D:4      | Reached skill level 6 in Ranged Weapons
  2264 | D:4      | Reached XP level 6. HP: 48/48 MP: 6/6
  2269 | D:4      | Found a staircase to the Ecumenical Temple.
  2284 | Temple   | Entered the Ecumenical Temple
  2307 | D:4      | Reached skill level 4 in Fighting
  2650 | D:4      | Found a runed translucent door.
  2659 | D:4      | Noticed PerfectTommy's ghost (amateur MiBr)
  2674 | D:4      | Found a runed translucent door.
  2707 | D:4      | Found a shimmering altar of Xom.
  2708 | D:4      | Found a hazy altar of Hepliaklqana.
  2709 | D:4      | Noticed a spectral ugly thing
  2713 | D:4      | Became a worshipper of Hepliaklqana the Forgotten
  2775 | D:5      | Entered Level 5 of the Dungeon
  2775 | D:5      | Noticed a black bear
  2870 | D:4      | Reached skill level 7 in Ranged Weapons
  2870 | D:4      | Reached XP level 7. HP: 51/54 MP: 7/7
  3159 | D:5      | Noticed Menkaure
  3161 | D:5      | Reached skill level 8 in Ranged Weapons
  3316 | D:5      | Noticed Ijyb
  3327 | D:5      | Reached XP level 8. HP: 35/60 MP: 8/8
  3338 | D:5      | HP: 5/60 [??? (2)]
  3339 | D:5      | Mangled by Menkaure

Vanquished Creatures
  A black bear (D:4)
  2 centaurs (D:5)
  2 scorpions
  A howler monkey (D:4)
  3 jellies
  An orc priest (D:3)
  An iguana (D:4)
  5 gnolls (D:5)
  6 adders
  A white imp (D:4)
  A worm (D:2)
  3 dart slugs
  6 orcs
  8 ball pythons
  14 endoplasms
  3 giant cockroaches
  8 goblins
  10 hobgoblins
  4 jackals (D:4)
  4 quokkas
  5 bats
  A frilled lizard (D:3)
  11 kobolds
  9 rats
110 creatures vanquished.

Table legend: (Time is in decaauts)
 A = Elapsed time spent in this place.
 B = Non-inter-level travel time spent in this place.
 C = Inter-level travel time spent in this place.
 D = Time resting spent in this place.
 E = Time spent auto-exploring this place.
 F = Levels seen in this place.
 G = Mean time per level.
                   A        B        C        D        E       F      G
               +--------+--------+--------+--------+--------+-----+--------+
         Total |   3409 |   3184 |    225 |    306 |   2056 |   6 |  568.2 |
       Dungeon |   3389 |   3169 |    220 |    306 |   2045 |   5 |  677.8 |
        Temple |     20 |     15 |      5 |      0 |     11 |   1 |   20.0 |
               +--------+--------+--------+--------+--------+-----+--------+

Top non-repeatable levels by time:
     D:4: 1088 daAuts
     D:1: 975 daAuts
     D:3: 627 daAuts
     D:2: 540 daAuts
     D:5: 158 daAuts
  Temple: 20 daAuts

Table legend:
 A = Non-vault XP
 B = Vault XP
 C = Vault XP percentage of total XP
 D = Non-vault monster count
 E = Vault monster count
 F = Vault count percentage of total count
                 A         B        C        D         E       F
            +---------+---------+-------+---------+---------+-------
      Total |    1090 |       9 |   0.8 |     106 |       4 |   3.6
            +---------+---------+-------+---------+---------+-------
        D:1 |      51 |       0 |   0.0 |      28 |       0 |   0.0
        D:2 |      33 |       5 |  13.2 |      13 |       2 |  13.3
        D:3 |     113 |       4 |   3.4 |      27 |       2 |   6.9
        D:4 |     462 |       0 |   0.0 |      27 |       0 |   0.0
        D:5 |     431 |       0 |   0.0 |      11 |       0 |   0.0
            +---------+---------+-------+---------+---------+-------
